 Dungeon Crawl Stone Soup version 0.22-a0-32-ga749362 (webtiles) character file.

138 CanOfBees the Digger (level 5, -9/28 HPs)
             Began as a Gargoyle Earth Elementalist on Jan 3, 2018.
             Splashed by Ijyb's acid (11 damage)
             ... on level 3 of the Dungeon.
             The game lasted 00:07:19 (4406 turns).

CanOfBees the Digger (Gargoyle Earth Elementalist)  Turns: 4406, Time: 00:07:20

Health: -9/28      AC:  6    Str: 11    XL:     5   Next: 21%
Magic:  3/10       EV: 12    Int: 17    God:
Gold:   62         SH:  0    Dex: 10    Spells: 6/10 levels left

rFire    . . .     SeeInvis .   o - +1 hand axe (chop)
rCold    . . .     Gourm    +   (no shield)
rNeg     + . .     Faith    .   c - +0 robe
rPois    ∞         Spirit   .   (no helmet)
rElec    +         Reflect  .   (no cloak)
rCorr    .         Harm     .   (no gloves)
MR       .....                  (no boots)
Stlth    ++........             r - amulet of the gourmand
HPRegen  0.09/turn              (no ring)
MPRegen  0.12/turn              (no ring)

@: very slightly contaminated
A: negative energy resistance 1, electricity resistance, unbreathing,
petrification resistance, rot immunity, AC +4
a: no special abilities


You were on level 3 of the Dungeon.
You were completely stuffed.

You visited 1 branch of the dungeon, and saw 3 of its levels.

You collected 62 gold pieces.

Inventory:

Hand Weapons
 o - a +1 hand axe of chopping (weapon)
 t - a +0 short sword
Missiles
 b - 31 stones (quivered)
Armour
 c - a +0 robe (worn)
Jewellery
 r - an amulet of the gourmand (around neck)
Scrolls
 i - 4 scrolls of magic mapping
 l - a scroll of amnesia
 m - a scroll of fear
 n - 2 scrolls of blinking
 p - a scroll of teleportation
Potions
 a - a potion of heal wounds
 h - 2 potions of curing {unknown}
 k - 2 potions of brilliance {unknown}
 q - a potion of degeneration {unknown}
 s - a potion of flight {unknown}
 v - 2 potions of ambrosia {unknown}
Books
 e - a book of Geomancy

   Spells                             Type                      Level
   a - Sandblast                      Earth                        1
   b - Passwall                       Transmutation/Earth          2
   c - Stone Arrow                    Conjuration/Earth            3
   d - Petrify                        Transmutation/Earth          4
   e - Lee's Rapid Deconstruction     Earth                        5
Comestibles
 d - 9 rations
 f - 6 chunks of flesh


   Skills:
 - Level 1.5 Dodging
 - Level 2.1 Stealth
 + Level 3.4 Spellcasting
 * Level 2.7 Conjurations
   Level 0.7 Transmutations
 + Level 4.7 Earth Magic


You had 6 spell levels left.
You knew the following spells:

 Your Spells              Type           Power        Failure   Level  Hunger
a - Sandblast             Erth           ###...       2%          1    None
b - Stone Arrow           Conj/Erth      ###...       11%         3    ###....


Dungeon Overview and Level Annotations

Branches:
Dungeon (3/15)

Altars:

Annotations:
D:3 Ijyb, Terence


Innate Abilities, Weirdness & Mutations

You are resistant to torment.
Your stone body is resilient. (AC +4)
You are immune to poison.
You resist negative energy. (rN+)
You are resistant to electric shocks. (rElec)
You can survive without breathing.
You are immune to petrification.
You are immune to rotting.


Message History

Nothing appears to happen.
Ijyb hits you but does no damage.
Casting: Sandblast
Confirm with . or Enter, or press ? or * to list all spells.
Aiming: Sandblast
Press: ? - help, Shift-Dir - straight line, f/p - Ijyb
Aim: Ijyb, wearing a ring mail (heavily wounded)
The blast of sand hits Ijyb.
Ijyb is almost dead.
b - 31 stones Ijyb zaps a wand.
The bolt of acid hits you!
Ouch! That really hurt!
You are splashed with acid!
The acid burns!
* * * LOW HITPOINT WARNING * * *
It is a wand of acid (4).
It was a potion of heal wounds.
You feel much better.
Ijyb zaps a wand.
The bolt of acid hits you!
Ouch! That really hurt!
* * * LOW HITPOINT WARNING * * *
You are splashed with acid!
The acid burns!
You die...

##.########
#.........#
########..######.#
..........#
########..####
##.....###.#######
#.............)..#
##...#####.#####.#
#..g@.....# #.#
##.######## #.#
#.# ###.##### #'#
#.......# .g.
#.#.....# ...
#.#.....# ....
..#.....# .....
..........
...#.......


You could see Ijyb.

Vanquished Creatures
  A crimson imp (D:3)
  A worker ant zombie (D:3)
  An adder zombie (D:3)
  2 dart slugs
  5 leopard geckos
  5 orcs (D:3)
  5 bats
  2 giant cockroaches
  9 goblins
  5 hobgoblins
  14 jackals
  11 frilled lizards
  A jackal skeleton (D:3)
  A jackal zombie (D:3)
  4 kobolds
  6 rats
73 creatures vanquished.

Notes
Turn   | Place    | Note
-------+----------+-------------------------------------------
     0 | D:1      | CanOfBees the Gargoyle Earth Elementalist began the quest for the Orb.
     0 | D:1      | Reached XP level 1. HP: 10/10 MP: 3/3
   350 | D:1      | Reached XP level 2. HP: 15/15 MP: 5/5
   535 | D:1      | Reached skill level 4 in Earth Magic
  1064 | D:1      | Reached XP level 3. HP: 14/19 MP: 7/7
  1082 | D:1      | Learned a level 3 spell: Stone Arrow
  2080 | D:2      | Reached skill level 1 in Conjurations
  2827 | D:3      | Noticed Terence
  3113 | D:3      | Reached XP level 4. HP: 24/24 MP: 8/8
  3963 | D:3      | Reached XP level 5. HP: 28/28 MP: 2/10
  4020 | D:3      | Learned a level 3 spell: Stone Arrow
  4394 | D:3      | Noticed Ijyb
  4405 | D:3      | HP: 1/28 [acid (8)]
  4406 | D:3      | Splashed by Ijyb's acid

Vault maps used:
D:1:      lemuel_arrival_cross, minmay_lizard_king
D:2:      first_ration, minmay_ruptured
D:3:      serial_undead, serial_undead_a, serial_undead_d, serial_undead_d,
          serial_undead_b, grunt_ministairs_14, uniq_terence, uniq_ijyb

Skill      XL: |  1  2  3  4 |
---------------+-------------+-----
Earth Magic    | 4 |  4.7
Spellcasting   | 3 |  3.4
Conjurations   | 1 2 |  2.7
Dodging        | |  1.5
Stealth        | |  2.1
Transmutations | |  0.7

Action                   |  1- 3 |  4- 6 || total
-------------------------+-------+-------++-------
Melee: Club              |    17 |       ||    17
       Unarmed           |     3 |       ||     3
       Dagger            |   276 |    55 ||   331
       Hand axe          |       |    35 ||    35
 Cast: Sandblast         |    21 |    16 ||    37
       Stone Arrow       |     2 |     2 ||     4
  Use: Scroll            |     2 |     7 ||     9
       Potion            |       |     1 ||     1
  Eat: Chunk             |     9 |    13 ||    22
Armor: Robe              |   111 |    39 ||   150
Dodge: Dodged            |   223 |    75 ||   298

Table legend:
 A = Spawn XP
 B = Non-spawn XP
 C = Spawn XP percentage of total XP
 D = Spawn monster count
 E = Non-spawn monster count
 F = Spawn count percentage of total count
 G = Total turns spent on level
                    A         B        C        D         E        F      G
               +---------+---------+-------+---------+---------+-------+---------
         Total |       0 |     198 |   0.0 |       0 |      73 |   0.0 |  4406
               +---------+---------+-------+---------+---------+-------+---------
           D:1 |       0 |      41 |   0.0 |       0 |      24 |   0.0 |  1430
           D:2 |       0 |      40 |   0.0 |       0 |      23 |   0.0 |  1719
           D:3 |       0 |     117 |   0.0 |       0 |      26 |   0.0 |  1257
               +---------+---------+-------+---------+---------+-------+---------
